 Dungeon Sprint DCSS version 0.31-a0-675-g238779eb0a (webtiles) character file.

Game seed: 15750201986704728617

6460 sircluck the Brawler (level 10, -1/178 HPs)
             Began as a Troll Berserker on Sept 5, 2023.
             Was a High Priest of Trog.
             Slain by a flying skull (5 damage)
             ... in the Dungeon (Sprint II: "The Violet Keep of Menkaure").
             The game lasted 00:02:40 (319 turns).

sircluck the Brawler (Troll Berserker)               Turns: 319, Time: 00:02:41

Health: -1/178     AC:  4    Str: 31    XL:     10   Next: 67%
Magic:  3/9        EV: 13    Int:  3    God:    Trog [*****.]
Gold:   477        SH:  0    Dex:  9    Spells: 9/9 levels left

rFire   . .          .
                       - Unarmed
rCold   . . .        (no shield)
rNeg    . . .        a - +0 animal skin
rPois   .            (helmet restricted)
rElec   .            (no cloak)
rCorr   .            (gloves unavailable)
SInv    .            (boots unavailable)
Will    ++...        (no amulet) Stlth
                     (no ring)
HPRegen 2.29/turn    (no ring)
MPRegen 0.11/turn

%: no teleportation
@: berserking (expiring), strong-willed, regenerating, very quick
A: large, unfitting armour, claws 3, regeneration 1, shaggy fur 1, tough skin 1,
deterioration 1, inability to read after injury 1
a: Renounce Religion, Berserk, Trog's Hand, Brothers in Arms


You were in the Dungeon.
You worshipped Trog.
Trog was extremely pleased with you.
You visited 1 branch You collected 972 gold pieces.
You spent 495 gold pieces at shops.

Inventory:

Armour
 a - a +0 animal skin (worn)
Jewellery
 i - an amulet of regeneration
Scrolls
 g - a scroll of blinking
 j - a scroll of revelation
Potions
 d - a potion of haste
 e - 2 potions of magic
 f - a potion of berserk rage
 h - a potion of brilliance {unknown}


   Skills:
 + Level 13.0 Fighting
 + Level 12.9 Dodging
 + Level 15.1 Unarmed Combat


You had 9 spell levels left.
You didn't know any spells.
Your spell library was empty.

Dungeon Overview and Level Annotations

Branches:
Dungeon (1/1)

Altars:

Shops:
D (:[*?=([:!=?[![

Annotations:
D exclusions: ice statue and oklob plant


Innate Abilities, Weirdness & Mutations

You are too large for most types of armour.
You have claws for hands.
Your natural rate of healing is unusually fast.
You are covered in fur. (AC +1)
You have tough skin. (AC +1)
Your body sometimes deteriorates upon taking damage.
You occasionally lose the ability to read scrolls when taking damage.


Message History

The flying skull is moderately damaged.
The flying skull hits you.
* * * LOW HITPOINT WARNING * * *
You mangle the flying skull!!
You destroy the flying skull!
Trog accepts your kill.
Your Unarmed Combat skill increases to level 15!
You claw the flying skull!
The flying skull is moderately damaged.
The flying skull closely misses you. The flying skull hits you.
* * * LOW HITPOINT WARNING * * *
You claw the flying skull! Your claw misses the flying skull.
The flying skull is almost destroyed.
The flying skull hits you but does no damage.
You barely miss the flying skull.
The flying skull is almost destroyed.
The flying skull barely misses you.
You closely miss the flying skull.
The flying skull is almost destroyed.
You feel yourself speed up. The flying skull hits you.
* * * LOW HITPOINT WARNING * * *
You eviscerate the flying skull!!!
You destroy the flying skull!
Trog accepts your kill.
You feel your strength returning.
Your Fighting skill increases to level 13!
You mangle the flying skull!!
The flying skull is almost destroyed.
You barely miss the flying skull.
The flying skull is almost destroyed.
The flying skull hits you.
* * * LOW HITPOINT WARNING * * *
You mangle the flying skull!!
You destroy the flying skull!
Trog accepts your kill. The flying skull hits you.
* * * LOW HITPOINT WARNING * * *
The flying skull hits you.
You die... +#### z......## ...°○..## #### z.○.°...# #..)#### .zz... #$.))@z## zzzz

############z~#'○'#+++##
###########~~~.........#
##.∩.∩....#~~~~.##'##..#
##..∩.∩...#~~~~####.##
##...∩.∩..#~~~~#..##.#
##....∩.⌠.#~~####...####
##...∩....#~##.###'###.##
##..∩.∩...#~#...##.##†..#


You could see 2 flying skulls.

Vanquished Creatures
  Kirke (D)
  A yaktaur captain (D)
  A centaur warrior (D)
  A merfolk siren (D)
  A kobold demonologist (D)
  6 flying skulls (D)
  4 neqoxecs (D)
  A vampire mosquito (D)
  Menkaure (D)
  4 necrophages (D)
  4 scorpions (D)
25 creatures vanquished.

Vanquished Creatures (collateral kills)
  A great orb of eyes (D)
  A skeletal warrior (D)
  An elephant (D)
3 creatures vanquished.

Grand Total: 28 creatures vanquished

Notes
Turn   | Place    | Note
-------+----------+-------------------------------------------
     0 | D        | sircluck the Troll Berserker began the quest for the Orb.
     0 | D        | Reached XP level 1. HP: 22/22 MP: 0/0
     1 | D        | Noticed a neqoxec
     1 | D        | Noticed a neqoxec
     1 | D        | Noticed a neqoxec
     1 | D        | Noticed a neqoxec
     8 | D        | Killed a neqoxec
     9 | D        | Reached skill level 5 in Fighting
     9 | D        | Reached skill level 5 in Dodging
     9 | D        | Reached skill level 6 in Unarmed Combat
     9 | D        | Reached XP level 2. HP: 35/35 MP: 1/1
     9 | D        | Reached XP level 3. HP: 42/42 MP: 2/2
     9 | D        | Reached XP level 4. HP: 50/50 MP: 3/3
    12 | D        | Gained mutation: Your body sometimes deteriorates upon
                  | taking damage. [a neqoxec]
    13 | D        | Gained mutation: You occasionally lose the ability to read
                  | scrolls when taking damage. [a neqoxec]
    14 | D        | Killed a neqoxec
    15 | D        | Reached skill level 7 in Unarmed Combat
    15 | D        | Reached XP level 5. HP: 61/61 MP: 4/4
    19 | D        | Killed a neqoxec
    19 | D        | Reached ** piety under Trog
    20 | D        | Reached skill level 8 in Unarmed Combat
    20 | D        | Reached XP level 6. HP: 71/71 MP: 5/5
    30 | D        | Killed a neqoxec
    31 | D        | Reached skill level 9 in Unarmed Combat
    46 | D        | Noticed a flying skull
    46 | D        | Noticed a flying skull
    46 | D        | Noticed a flying skull
    46 | D        | Noticed a flying skull
    46 | D        | Noticed a flying skull
    47 | D        | Noticed a flying skull
    47 | D        | Noticed a flying skull
    47 | D        | Noticed a flying skull
    47 | D        | Noticed a flying skull
    47 | D        | Noticed a flying skull
    48 | D        | Noticed a flying skull
    48 | D        | Noticed Menkaure
    48 | D        | Noticed a flying skull
    53 | D        | Killed Menkaure
    53 | D        | Reached *** piety under Trog
    54 | D        | Reached XP level 7. HP: 32/80 MP: 6/6
    56 | D        | Found Weinta's Antique Armour Shoppe.
    58 | D        | Found Zavitix's Magic Scroll Emporium.
    58 | D        | Found Byuhyfor's Antique Armour Shoppe.
    58 | D        | Found Ickeh's Distillery.
    60 | D        | Found Vuzaa's Book Emporium.
    60 | D        | Found Razuinoi's Antique Armour Shoppe.
    60 | D        | Found Fumoleg's Distillery.
    60 | D        | Found Mizuewoc's Jewellery Emporium.
    62 | D        | Found Uhyicu Dori's Magic Scroll Shoppe.
    62 | D        | Found Gamaih's Jewellery Shoppe.
    62 | D        | Found Itic's Weapon Emporium.
    67 | D        | Noticed a merfolk siren
    76 | D        | Killed a merfolk siren
    77 | D        | Reached skill level 10 in Unarmed Combat
    91 | D        | Reached XP level 8. HP: 73/92 MP: 7/7
    94 | D        | Reached **** piety under Trog
   127 | D        | Reached skill level 11 in Unarmed Combat
   132 | D        | Reached ***** piety under Trog
   140 | D        | Noticed an ice statue
   169 | D        | Found Muhat's General Store.
   169 | D        | Found Fadyhemm's Armour Emporium.
   169 | D        | Noticed an oklob plant
   170 | D        | Found Veosehoh's Antique Weapon Shoppe.
   170 | D        | Found Maligeu's Book Shoppe.
   175 | D        | Noticed a shining eye
   176 | D        | Noticed a shining eye
   177 | D        | Noticed a shining eye
   220 | D        | Bought an amulet of regeneration for 390 gold pieces
   225 | D        | Bought a scroll of revelation for 105 gold pieces
   251 | D        | Noticed an elephant
   251 | D        | Noticed a centaur warrior
   251 | D        | Noticed Kirke
   251 | D        | Noticed a skeletal warrior
   251 | D        | Noticed a yaktaur captain
   251 | D        | Noticed a kobold demonologist
   254 | D        | Noticed a great orb of eyes
   261 | D        | Killed Kirke
   262 | D        | Reached skill level 10 in Fighting
   262 | D        | Reached skill level 10 in Dodging
   262 | D        | Reached skill level 12 in Unarmed Combat
   262 | D        | Reached XP level 9. HP: 102/102 MP: 8/8
   266 | D        | Killed a yaktaur captain
   267 | D        | Reached skill level 13 in Unarmed Combat
   268 | D        | Killed a centaur warrior
   272 | D        | Killed a great orb of eyes
   273 | D        | Reached skill level 14 in Unarmed Combat
   273 | D        | Reached XP level 10. HP: 84/115 MP: 1/9
   273 | D        | Killed an elephant
   277 | D        | Killed a skeletal warrior
   289 | D        | Received a gift from Trog
   289 | D        | Found the +8 frozen axe "Frostbite" {freeze, freezing
                  | cloud, *Noise Fly rC+}
   309 | D        | HP: 6/177 [flying skull (6)]
   311 | D        | Reached skill level 15 in Unarmed Combat
   314 | D        | HP: 3/177 [flying skull (5)]
   319 | D        | HP: 4/178 [flying skull (2)]
   319 | D        | Slain by a flying skull

Illustrated notes

Levels and vault maps discovered:
D:        the_violet_keep_of_menkaure [sprint2_stairs_cluster_1,
          sprint2_shoproom, sprint2_temple, sprint2_basic_supplies,
          sprint2_obstacle_2, sprint2_obstacle_3, sprint2_obstacle_1,
          sprint2_obstacle_5, sprint2_obstacle_6, sprint2_timed_cluster_1,
          sprint2_smallroom_cluster_1, sprint2_smallroom_final_cluster_1,
          sprint2_transparent_cluster_1, sprint2_second_timed_cluster_1,
          sprint2_sniper_area_1, sprint2_heavy_combat_area_1,
          sprint2_mutation_trap_area_1, sprint2_forest_area_1,
          sprint2_light_combat_area_1, sprint2_behind_water_1,
          sprint2_near_end_vault_1]

Skill      XL: |  1  2  3  4  5  6  7  8  9 10 |
---------------+-------------------------------+-----
Fighting       | 5 6 7 8 9 10 12 13 | 13.0
Dodging        | 5 6 7 8 10 12 | 12.9
Unarmed Combat | 6 7 8 9 10 12 14 15 | 15.1

Action                     |  1- 3 |  4- 6 |  7- 9 | 10-12 || total
---------------------------+-------+-------+-------+-------++-------
  Melee: Unarmed           |     5 |    26 |    51 |    32 ||   114
         Punch             |       |       |     4 |       ||     4
 Invoke: Berserk           |     1 |       |     1 |     1 ||     3
         Brothers in Arms  |       |       |     2 |       ||     2
         Trog's Hand       |       |       |       |     1 ||     1
    Use: Potion            |       |       |     1 |     1 ||     2
 Armour: Animal skin       |     1 |     8 |    39 |    39 ||    87
  Dodge: Dodged            |       |     7 |    20 |    21 ||    48

Table legend: (Time is in decaauts)
 A = Elapsed time spent in this place.
 B = Non-inter-level travel time spent in this place.
 C = Inter-level travel time spent in this place.
 D = Time resting spent in this place.
 E = Time spent auto-exploring this place.
 F = Levels seen in this place.
 G = Mean time per level.
                   A        B        C        D        E       F      G
               +--------+--------+--------+--------+--------+-----+--------+
         Total |    312 |    291 |     21 |      2 |     53 |   1 |  312.0 |
       Dungeon |    312 |    291 |     21 |      2 |     53 |   1 |  312.0 |
               +--------+--------+--------+--------+--------+-----+--------+

Top non-repeatable levels by time:
       D: 312 daAuts
